 Dungeon Crawl Stone Soup version 0.15.2 (webtiles) character file.

116 Heini the Covered (level 4, -5/41 HPs)
             Began as a Minotaur Fighter on Feb 3, 2015.
             Slain by an orc
             ... wielding a +2 falchion of holy wrath
              (6 damage)
             ... on Level 3 of the Dungeon.
             The game lasted 00:03:09 (1600 turns).

Heini the Covered (Minotaur Fighter)                Turns: 1600, Time: 00:03:09

HP  -5/41        AC  7     Str 26      XL: 4   Next: 70%
MP   2/2         EV  7     Int  5      God:
Gold 100         SH 10     Dex 10      Spells:  0 memorised,  3 levels left

rFire  . . .     SeeInvis .     a - +0 flail
rCold  . . .     Clarity  .     b - +0 scale mail
rNeg   . . .     rCorr    .     c - +0 shield
rPois  .         rRot     .     (helmet restricted)
rElec  .         Spirit   .     (no cloak)
SustAb .         Warding  .     (no gloves)
rMut   .         Stasis   .     (no boots)
Gourm  .                        (no amulet)
MR     .....                    (no ring)
                                (no ring)

@: mighty, not resistant to hostile enchantments, extremely unstealthy
A: retaliatory headbutt, horns 2
a: no special abilities


You were on level 3 of the Dungeon.
You were not hungry.

You visited 1 branch of the dungeon, and saw 3 of its levels.

You collected 100 gold pieces.

Inventory:

Hand weapons
 a - a +0 flail (weapon)
Armour
 b - a +0 scale mail (worn)
 c - a +0 shield (worn)
Magical devices
 r - a wand of random effects (16) {unknown}
Comestibles
 d - a bread ration
 g - 3 meat rations
 l - a beef jerky
 t - a chunk of adder flesh
Scrolls
 f - 4 scrolls of remove curse {unknown}
 h - 2 scrolls of teleportation {unknown}
 j - a scroll of immolation {unknown}
 m - a scroll of fear {unknown}
 q - a scroll of magic mapping {unknown}
Jewellery
 n - a cursed -2 ring of strength {unknown}
Potions
 e - a potion of might
 i - a potion of magic {unknown}
 k - 2 potions of heal wounds {unknown}
 o - a potion of haste {unknown}
 p - 2 potions of curing {unknown}
 s - a potion of brilliance {unknown}


   Skills:
 * Level 4.8 Fighting
 * Level 3.5 Maces & Flails
 * Level 5.1 Armour
 - Level 3.6 Shields


You had 3 spell levels left.
You didn't know any spells.

Dungeon Overview and Level Annotations

Branches:
Dungeon (3/15)

Altars:
Xom


Innate Abilities, Weirdness & Mutations

You reflexively headbutt those who attack you in melee.
You have a pair of horns on your head.


Message History

An orc comes into view. It is wielding a glowing falchion.
The orc shouts!
The orc wizard hits you with a dagger.
* * * LOW HITPOINT WARNING * * *
Ouch!
The orc wizard hits you but does no damage.
You closely miss the orc wizard. You headbutt the orc wizard.
The orc wizard is lightly wounded.
You feel less confused. The orc wizard barely misses you.
The orc hits you but does no damage.
You closely miss the orc wizard. Your headbutt misses the orc wizard.
The orc wizard is lightly wounded.
The orc wizard casts a spell.
The orc wizard flickers and vanishes!
Deactivating autopickup; reactivate with Ctrl-A.
The orc closely misses you. Something hits you but does no damage.
Drink which item? (? for menu, Esc to quit)
You feel very mighty all of a sudden.
The orc hits you with a glowing falchion.
You die...

######################
.......oo..o....#....#
###############.#....#
#.#....# #.o....#
############@....#
...............>..#
##.....%.....#
#b####.#..### #.#
#....# ####'## ####.#
#.....# #.# #.....#
#.# #######.....# ..


You could see an orc.

Vanquished Creatures
  An orc priest (D:3)
  4 adders
  A giant mite (D:3)
  3 worms (D:2)
  2 orcs (D:3)
  2 giant cockroaches (D:1)
  3 goblins
  4 hobgoblins
  3 kobolds
  A quokka (D:3)
  A ball python (D:1)
  2 bats
  6 rats
33 creatures vanquished.

Notes
Turn   | Place    | Note
--------------------------------------------------------------
     0 | D:1      | Heini, the Minotaur Fighter, began the quest for the Orb.
     0 | D:1      | Reached XP level 1. HP: 19/19 MP: 1/1
   197 | D:1      | Reached skill level 4 in Armour
   388 | D:1      | Reached XP level 2. HP: 22/27 MP: 1/1
   843 | D:2      | Reached XP level 3. HP: 33/33 MP: 2/2
  1403 | D:3      | Found a shimmering altar of Xom.
  1506 | D:3      | Reached XP level 4. HP: 37/41 MP: 2/2
  1577 | D:3      | Reached skill level 5 in Armour
  1596 | D:3      | HP: 1/41 [orc wizard/dagger (2)]
  1600 | D:3      | Slain by an orc

Action                   |  1- 3 |  4- 6 || total
-------------------------+-------+-------++-------
Melee: Flail             |    83 |    21 ||   104
  Use: Potion            |       |     1 ||     1
  Eat: Chunk             |     2 |       ||     2
